 Dungeon Crawl Stone Soup version 0.25-a0-251-g572059c536 (webtiles) character file.

Game seed: 13461733059403905675, levelgen mode: deterministic

2257 MisterFreud the Skirmisher (level 9, -3/72 HPs)
             Began as a Human Wanderer on Dec 4, 2019.
             Slain by Joseph
             ... wielding a +0 quarterstaff
              (10 damage)
             ... on level 7 of the Dungeon.
             The game lasted 00:27:15 (10205 turns).

MisterFreud the Skirmisher (Human Wanderer)        Turns: 10205, Time: 00:27:16

Health: -3/72      AC: 12    Str: 17    XL:     9   Next: 64%
Magic:  9/9        EV: 10    Int: 16    God:
Gold:   328        SH:  0    Dex: 13    Spells: 8/8 levels left

rFire    . . .     SeeInvis .   e - +0 dagger (chaos)
rCold    . . .     Gourm    .   (no shield)
rNeg     . . .     Faith    .   h - +0 chain mail
rPois    .         Spirit   .   (no helmet)
rElec    .         Reflect  .   (no cloak)
rCorr    .         Harm     .   (no gloves)
MR       .....                  m - +1 pair of boots
Stlth    ..........             v - amulet of rage
HPRegen  0.22/turn              (no ring)
MPRegen  0.11/turn              (no ring)

@: mighty
A: no striking features
a: Evoke Berserk Rage


You were on level 7 of the Dungeon.
You were hungry.

You visited 2 branches of the dungeon, and saw 8 of its levels.

You collected 328 gold pieces.

Inventory:

Hand Weapons
 a - a +2 shortbow
 b - a +1 mace of holy wrath
 e - a +0 dagger of chaos (weapon)
 l - a +0 hunting sling
 u - a +0 rapier
 y - a cursed +0 morningstar
Missiles
 c - 95 arrows
 i - 145 stones (quivered)
 j - 6 boomerangs
 n - 57 bolts
 r - 5 curare-tipped darts
Armour
 h - a +0 chain mail (worn)
 m - a +1 pair of boots (worn)
 q - a +0 buckler
Jewellery
 v - an amulet of rage (around neck)
Wands
 p - a wand of polymorph (1)
Scrolls
 g - 2 scrolls of enchant armour
Potions
 k - 2 potions of mutation
 s - 2 potions of haste
 t - 4 potions of lignification {unknown}
 w - 2 potions of brilliance {unknown}
Comestibles
 f - 12 rations
 z - 6 chunks of flesh


   Skills:
 + Level 7.2 Fighting
 - Level 2.0 Short Blades
 - Level 3.0 Bows
 - Level 1.0 Throwing
 + Level 7.0 Armour
 + Level 7.0 Dodging
 - Level 1.0 Shields


You had 8 spell levels left.
You didn't know any spells.
Your spell library contained the following spells:

 Spells                   Type           Power        Failure   Level  Hunger
 Animate Skeleton         Necr           N/A          96%         1    ##.....
 Apportation              Tloc           #.....       96%         1    ##.....
 Confusing Touch          Hex            #.....       96%         1    ##.....
 Summon Small Mammal      Summ           #...         96%         1    ##.....
 Confuse                  Hex            #.......     100%        3    ####...
 Gell's Gravitas          Tloc           #.........   100%        3    ####...
 Petrify                  Tmut/Erth      #.......     100%        4    #####..
 Metabolic Englaciation   Hex/Ice        #.........   100%        5    ######.
 Yara's Violent Unravell  Hex/Tmut       #.........   100%        5    ######.


Dungeon Overview and Level Annotations

Branches:
Dungeon (7/15)             Temple (1/1) D:5

Altars:
Gozag
Kikubaaqudgha
Qazlal
Ru
Wu Jian
Xom
Zin

Shops:
D:2 *

Annotations:
D:6 1 runed translucent door, floatRand's ghost, novice DsGl
D:7 Joseph


Message History

Okay, then.
You feel better. Joseph hits you with a +0 quarterstaff.
* * * LOW HITPOINT WARNING * * *
You hit Joseph.
Nothing appears to happen.
Joseph is severely wounded.
Joseph hits you with a +0 quarterstaff.
* * * LOW HITPOINT WARNING * * *
Your chain mail prevents you from hitting Joseph.
Joseph is severely wounded.
Joseph closely misses you.
You hit Joseph. You freeze Joseph.
Joseph is severely wounded.
Joseph hits you with a +0 quarterstaff!
* * * LOW HITPOINT WARNING * * *
Evoke which item? (* to show all) (? for menu, Esc to quit)
Aiming: Polymorph
Press: ? - help, Shift-Dir - straight line, f - Joseph
Aim: Joseph, wielding a +0 quarterstaff and wearing a +0 ring mail (severely wounded, berserk, fast, unusually strong, unusually agile, chance to defeat MR: 28%) Joseph easily resists.
Joseph hits you with a +0 quarterstaff!
You die...

########.
#....@.[.
##@##
##.#@#
###.###.##
#..## ##<#
#.#.###..#
#.##.#.#.#
#.
##.##...
#.
#.######
#. #.# #[
#..


You could see Joseph (berserk).

Vanquished Creatures
  Eustachio (D:5)
  3 ice beasts
  An orc warrior (D:6)
  3 ogres
  A boggart (D:5)
  2 centaurs
  3 scorpions
  A bullfrog zombie (D:5)
  5 crimson imps
  A centaur skeleton (D:5)
  3 orc priests
  4 hounds
  A bullfrog skeleton (D:4)
  2 iguanas (D:5)
  4 orc wizards
  7 worker ants
  2 worker ant zombies (D:5)
  6 gnolls
  A howler monkey skeleton (D:4)
  6 adders
  An ooze (D:4)
  An adder skeleton (D:4)
  5 worms
  4 dart slugs
  4 leopard geckos
  29 orcs
  2 giant cockroaches
  4 hobgoblins
  18 jackals
  A quokka (D:4)
  2 bats (D:1)
  6 frilled lizards
  6 goblins
  10 kobolds
  8 rats
158 creatures vanquished.

Vanquished Creatures (others)
  A hound skeleton (D:6)
  A jackal (D:5)
2 creatures vanquished.

Grand Total: 160 creatures vanquished

Notes
Turn   | Place    | Note
-------+----------+-------------------------------------------
     0 | D:1      | MisterFreud the Human Wanderer began the quest for the Orb.
     0 | D:1      | MisterFreud set off with the following items: a +2
                  | shortbow, 27 arrows, a +0 mace, a +0 ring mail, a ration
     0 | D:1      | Reached XP level 1. HP: 16/16 MP: 1/1
   329 | D:1      | Reached XP level 2. HP: 14/23 MP: 2/2
   633 | D:1      | Reached XP level 3. HP: 24/29 MP: 3/3
  1396 | D:2      | Reached XP level 4. HP: 24/37 MP: 4/4
  1594 | D:1      | Reached skill level 1 in Dodging
  1888 | D:2      | Reached XP level 5. HP: 16/42 MP: 5/5
  2163 | D:2      | Found Gozag's Platinum Reserve.
  2180 | D:2      | Found an opulent altar of Gozag.
  2471 | D:3      | Noticed an ogre
  3277 | D:3      | Killed an ogre
  3277 | D:3      | Reached XP level 6. HP: 36/48 MP: 6/6
  3530 | D:4      | Found a stormy altar of Qazlal.
  4109 | D:5      | Entered Level 5 of the Dungeon
  4109 | D:5      | Found a staircase to the Ecumenical Temple.
  4144 | D:4      | Noticed an ogre
  4145 | D:4      | Found an ancient bone altar of Kikubaaqudgha.
  4316 | D:4      | Reached skill level 5 in Dodging
  4316 | D:4      | Reached XP level 7. HP: 8/54 MP: 7/7
  5076 | D:4      | Found a shimmering altar of Xom.
  5576 | D:4      | Reached skill level 5 in Armour
  5576 | D:4      | Reached XP level 8. HP: 47/60 MP: 8/8
  5716 | D:4      | Found a glowing silver altar of Zin.
  6159 | D:5      | Noticed Eustachio
  6182 | D:5      | Killed Eustachio
  6182 | D:5      | Reached skill level 5 in Fighting
  6191 | Temple   | Entered the Ecumenical Temple
  6530 | D:5      | Reached XP level 9. HP: 31/69 MP: 9/9
  9206 | D:6      | Found a sacrificial altar of Ru.
  9887 | D:6      | Found a runed translucent door.
 10146 | D:6      | Noticed floatRand's ghost (novice DsGl)
 10186 | D:7      | Noticed Joseph
 10205 | D:7      | Slain by Joseph

Levels and vault maps discovered:
D:1:      lemuel_arrival_muddy, layout_loops_ring, serial_forest,
          infiniplex_forest_join, infiniplex_forest_end_double,
          infiniplex_forest_straight_2, infiniplex_forest_corner_1,
          infiniplex_forest_fountain, infiniplex_forest_lined_corner
D:2:      layout_rooms, nicolae_gozag_zags_fifth_avenue, first_ration
D:3:      wander_river, layout_loops_ring
D:4:      layout_gridville, nicolae_qazlal_general_emergency, zin_scriptorium,
          kiku_gazebo_pond_becter, led_xom_imps, grunt_decor_one_mirror
D:5:      layout_basic, minmay_temple_entry_proselytizer, uniq_eustachio
D:6:      layout_loops_corners, nicolae_ru_path_of_blood,
          ebering_ghost_reflecting_pool, eino_small_chamber_without_monster
D:7:      layout_loops_ring, serial_aquarium, aquarium_bridge_long_joined
          [aquarium_subvault_balcony, aquarium_subvault_wall,
          aquarium_subvault_bridge, aquarium_subvault_wall,
          aquarium_subvault_bridge, aquarium_subvault_bridge],
          aquarium_bridge_square [aquarium_subvault_wall,
          aquarium_subvault_bridge, aquarium_subvault_window,
          aquarium_subvault_wall], aquarium_window_fake, aquarium_window_1,
          aquarium_window_fake, aquarium_window_2, aquarium_view_2f,
          aquarium_view_2e, uniq_joseph
Temple:   regret_index_temple_waves

Skill      XL: |  1  2  3  4  5  6  7  8  9 |
---------------+----------------------------+-----
Fighting       | 3 4 6 7 |  7.2
Dodging        | 2 4 5 6 7 |  7.0
Armour         | 2 5 6 7 |  7.0
Short Blades   | |  2.0
Bows           | |  3.0
Throwing       | |  1.0
Shields        | |  1.0

Action                   |  1- 3 |  4- 6 |  7- 9 || total
-------------------------+-------+-------+-------++-------
Melee: Mace              |   121 |   173 |   268 ||   562
       Dagger            |       |       |   449 ||   449
 Fire: Shortbow          |     5 |     6 |    10 ||    21
Evoke: Wand              |       |     7 |     7 ||    14
  Use: Scroll            |     3 |     3 |     5 ||    11
       Potion            |       |       |     7 ||     7
 Stab: Paralysed         |       |       |     5 ||     5
       Confused          |       |       |     2 ||     2
  Eat: Chunk             |     1 |     9 |    14 ||    24
       Ration            |       |       |     2 ||     2
Armor: Ring mail         |    13 |       |       ||    13
       Chain mail        |    94 |   131 |   446 ||   671
Dodge: Dodged            |    51 |    74 |   259 ||   384
Block: Buckler           |       |     8 |     8 ||    16

Table legend:
 A = Non-vault XP
 B = Vault XP
 C = Vault XP percentage of total XP
 D = Non-vault monster count
 E = Vault monster count
 F = Vault count percentage of total count
                 A         B        C        D         E       F
            +---------+---------+-------+---------+---------+-------
      Total |    2804 |     421 |  13.1 |     153 |       6 |   3.8
            +---------+---------+-------+---------+---------+-------
        D:1 |      71 |       0 |   0.0 |      34 |       0 |   0.0
        D:2 |     107 |       0 |   0.0 |      17 |       0 |   0.0
        D:3 |     154 |       0 |   0.0 |      13 |       0 |   0.0
        D:4 |     645 |     184 |  22.2 |      23 |       4 |  14.8
        D:5 |     882 |     237 |  21.2 |      28 |       2 |   6.7
        D:6 |     945 |       0 |   0.0 |      38 |       0 |   0.0
            +---------+---------+-------+---------+---------+-------
